[Event "Slovakia Open 2022"]
[Site "Bratislava"]
[Date "2022.09.30"]
[Round "1.25"]
[White "Merva, Frantisek"]
[Black "Hasala, Richard"]
[Result "0-1"]
[ECO "D04"]
[WhiteElo "1981"]
[BlackElo "1537"]
[Annotator "TA"]
[PlyCount "56"]
[EventDate "2022.09.30"]
[EventCountry "SVK"]
[SourceTitle "playchess.com"]
[Source "ChessBase"]
[SourceQuality "1"]
[TimeControl "2700+10"]

1. d4 Nf6 2. Nf3 d5 3. e3 Bg4 4. h3 Bh5 5. c4 e6 6. Qb3 {[%emt 0:00:10] D04: Colle System.} b6 7. Ne5 c6 ({Less strong is} 7... Nbd7 8. cxd5 exd5 9. g4 $16) 8. Nc3 {[%emt 0:00:41] [#] White is slightly better.} Qc7 $146 (8... Bd6 $14) ({Predecessor:} 8... Bd6 9. g4 Bg6 10. Nxg6 hxg6 11. Bg2 a5 12. Bd2 Nbd7 13. Rc1 Rc8 14. g5 Nh5 15. h4 O-O 16. Bf3 Qe7 17. cxd5 {½-½ (17) Vujadinovic,M (2218)-Efendiyev,E (2310) IECG email 1999}) 9. cxd5 exd5 (9... Nxd5 $16 10. g4 Bg6) 10. g4 $18 Bg6 11. h4 (11. g5 $142 Nfd7 12. Nxg6 hxg6 13. e4) 11... Nfd7 (11... Bd6 $16) 12. Nxg6 hxg6 13. Bd2 Be7 (13... a5 $16) 14. h5 gxh5 {[%emt 0:00:19] [#]} 15. gxh5 ({Not} 15. Rxh5 Rxh5 16. gxh5 Nf6 $11) (15. Nxd5 $1 $18 cxd5 16. Qxd5) 15... Nf6 $16 16. Be2 Nbd7 17. O-O-O $1 O-O-O 18. Kb1 (18. Rdg1 $16) 18... Kb8 19. Bf3 ({White should try} 19. Rdg1 $16) 19... Nf8 $14 20. Rc1 Ne6 21. Rhg1 Qd6 22. Na4 {[%emt 0:00:01][%cal Oa4b6] aiming for Nxb6!} Rc8 {[%emt 0:01:14] [#]} (22... Qd7 $11) 23. Nxb6 $1 axb6 24. Qxb6+ Ka8 {[%emt 0:00:10] [#]} 25. Qa5+ (25. Rxg7 $1 $16 {Qa6+ is the strong threat.} Rhf8 {[#]} 26. Rc3 $1) 25... Kb8 26. Rc3 {[%emt 0:00:02] White threatens Rb3+ and mate.} ({Don't do} 26. Qb6+ $6 Ka8 $16) 26... Rc7 $1 (26... Qb4 $2 27. Rb3 Qxb3 28. axb3 $18) 27. Rb3+ (27. Qb6+ $11 Rb7 28. Qxc6) 27... Rb7 $17 28. Ra3 Qxa3 {[%emt 0:00:21] Weighted Error Value: White=0.53/Black=0.27 (precise)} 0-1

[Event "Slovakia Open 2022"]
[Site "Bratislava"]
[Date "2022.09.30"]
[Round "1.26"]
[White "Rehacek, Jan"]
[Black "Mikulas, Dusan"]
[Result "0-1"]
[ECO "D02"]
[WhiteElo "1342"]
[BlackElo "2047"]
[Annotator "TA"]
[PlyCount "49"]
[EventDate "2022.09.30"]
[EventCountry "SVK"]
[SourceTitle "playchess.com"]
[Source "ChessBase"]
[SourceQuality "1"]
[TimeControl "2700+10"]

1. d4 d5 2. Bf4 Nf6 3. Nf3 e6 4. e3 c5 5. c3 b6 6. Nbd2 {[%emt 0:00:38] D02: 1 d4 d5 2 Nf3 sidelines, including 2...Nf6 3 g3 and 2...Nf6 3 Bf4.} Bb7 7. h3 Bd6 8. Bxd6 {[%emt 0:00:12] The position is equal.} Qxd6 9. Be2 O-O 10. O-O Nbd7 11. Re1 {[%emt 0:01:02] [#]} Rad8 $146 ({Predecessor:} 11... e5 12. Nh2 e4 13. Ng4 Nxg4 14. Bxg4 f5 15. Be2 f4 16. exf4 Qxf4 17. Rf1 Bc6 {½-½ (30) Baier,P (1712)-Haakert,K (1887) Bad Neuenahr 2014}) 12. Bd3 e5 13. dxe5 Nxe5 14. Nxe5 Qxe5 15. Nf3 Qc7 16. Bc2 Ne4 17. Qe2 Qe7 18. Red1 Rd6 19. Bxe4 Qxe4 20. Rd2 Rg6 21. Rad1 d4 22. Kh1 dxc3 {[%emt 0:08:09] Black is more active.} 23. bxc3 h6 24. Rg1 Qe6 25. Nh4 $2 {[%emt 0:01:31][%mdl 8192] Weighted Error Value: White=0.14 (very precise) /Black=0.07 (flawless)} (25. Rgd1 $17) 0-1

[Event "Slovakia Open 2022"]
[Site "Bratislava"]
[Date "2022.09.30"]
[Round "1.27"]
[White "Vadila, Ondrej"]
[Black "Benci, Jozef"]
[Result "1-0"]
[ECO "A00"]
[WhiteElo "2178"]
[BlackElo "1873"]
[Annotator "TA"]
[PlyCount "97"]
[EventDate "2022.09.30"]
[EventCountry "SVK"]
[SourceTitle "playchess.com"]
[Source "ChessBase"]
[SourceQuality "1"]
[TimeControl "2700+10"]

1. g4 d5 2. Bg2 c5 3. e3 Nc6 4. b3 e5 5. Bb2 Be6 {[%emt 0:00:58] [#]} 6. Nc3 $146 {[%emt 0:00:04] A00: Irregular Openings.} ({Predecessor:} 6. h4 Qd7 7. g5 h6 8. d3 hxg5 9. hxg5 Rxh1 10. Bxh1 O-O-O 11. Qh5 g6 12. Qh7 {1-0 (40) Chiu,I (2245)-Batsiashvili,N (2472) Chess.com INT 2022}) 6... g6 7. Qe2 a6 (7... h5 $15 8. g5 Bg7) 8. O-O-O {[%emt 0:01:11] The position is equal.} Bg7 9. h4 Nge7 {[%emt 0:03:27] With the idea ...d4.} 10. g5 (10. h5 $11) 10... h5 (10... d4 {looks sharper.} 11. Ne4 Nb4 12. Kb1 d3) 11. gxh6 $1 Rxh6 12. Nh3 {[%emt 0:06:59] [#]} (12. Kb1 $11) 12... Qd7 (12... d4 $1 $17 {Hoping for ...Bxh3.} 13. Ne4 Nb4) 13. Na4 {[%emt 0:00:59] And now Nb6 would win.} Qc7 {[%emt 0:07:00] Prevents Nb6.} (13... Rxh4 $2 14. Nb6 Qd8 15. Nxa8 $18) 14. Kb1 (14. Ng5 $14 {should be considered.}) 14... Na7 (14... Rxh4 15. Ng5 Bg4 16. Bf3 Rxh1 17. Rxh1 $14) (14... Bf5 $1 $11 {keeps the balance.}) 15. Nf4 exf4 (15... b5 $142) 16. Bxg7 $16 Rh7 17. Bf6 fxe3 (17... Nb5 $16 {was worth a try.}) 18. Qxe3 $18 (18. dxe3 $6 Nb5 $16) 18... d4 (18... c4 $142 19. Rde1 cxb3 20. Qxb3 (20. axb3 Rc8 $16) 20... Nac8) 19. Qe5 (19. Qg3 $18 {and White stays clearly on top.} Nb5 20. h5 Qxg3 21. fxg3) 19... Qxe5 $16 20. Bxe5 {[%emt 0:00:03] This bishop pair is nice.} Rh5 (20... Nac6 $16) 21. Bd6 (21. Bxb7 $18 Bd5 22. Bxd5 (22. Bxa8 Bxh1 23. Rxh1 Rxe5 $18) 22... Nxd5 23. Rhe1) 21... Nf5 $2 (21... Rd8 $16) 22. Bxc5 Nc6 23. Rde1 ({Better is} 23. Nb6 $18 Rb8 24. Bf3) 23... O-O-O 24. Bb6 Rdh8 25. Nc5 Nxh4 {[%emt 0:00:12] [#]} 26. Bxc6 {[%emt 0:07:27] White is more active.} (26. Nxe6 $2 Nxg2 27. Rxh5 Rxh5 $17) (26. Be4 $1 $16) 26... bxc6 $14 27. Nxe6 (27. Re2 $14) 27... fxe6 $2 (27... Nf3 $1 $15 {stays ahead.} 28. Rxh5 (28. Nxd4 Rxh1 29. Nxf3 Rxe1+ 30. Nxe1 Rh1 $17) 28... gxh5) 28. Bxd4 $16 Re8 29. Re5 (29. Bc3 $18) 29... Rxe5 (29... Nf5 $16 30. Rxh5 gxh5) 30. Bxe5 {[%emt 0:00:02][%mdl 4096] Endgame KRB-KRN} Nf3 31. Bf4 e5 32. Be3 Rd8 33. d3 Kc7 34. Rh7+ Rd7 35. Rh8 Nd4 36. Rg8 Rd6 37. Rg7+ Kd8 38. Bg5+ Kc8 39. Ra7 Rd7 (39... Ne6 $142) 40. Rxa6 $18 Kb7 41. Ra5 Nb5 42. a4 Nc3+ 43. Kc1 Nd5 44. Be3 Nb6 $2 (44... Nxe3 45. fxe3 Re7) 45. Bxb6 {[%emt 0:00:10] White is clearly winning.} Kxb6 46. Rxe5 Rf7 47. Re2 Kc5 48. Kd2 Kd5 49. c3 {[%emt 0:00:05] Weighted Error Value: White=0.29 (precise) /Black=0.49} 1-0

[Event "Slovakia Open 2022"]
[Site "Bratislava"]
[Date "2022.09.30"]
[Round "1.28"]
[White "Hlavac, Tomas"]
[Black "Stevik, Patrik"]
[Result "0-1"]
[ECO "C23"]
[WhiteElo "1554"]
[BlackElo "2148"]
[Annotator "TA"]
[PlyCount "62"]
[EventDate "2022.09.30"]
[EventCountry "SVK"]
[SourceTitle "playchess.com"]
[Source "ChessBase"]
[SourceQuality "1"]
[TimeControl "2700+10"]

1. e4 e5 2. Nf3 c6 3. Bc4 d5 4. exd5 cxd5 5. Bb3 e4 6. Nd4 {[%emt 0:00:27] C23: Bishop's Opening: 2...Bc5.} Bc5 7. c3 {[%emt 0:01:39] [#]} Nc6 $146 {[%emt 0:01:14] Threatening ...Ne5.} ({Predecessor:} 7... Bxd4 8. cxd4 Nc6 9. Nc3 Nf6 10. Ne2 O-O 11. O-O Bg4 12. d3 Nxd4 13. Re1 Nxe2+ 14. Rxe2 Bxe2 15. Qxe2 exd3 16. Qxd3 {0-1 (46) Payet,D (1450)-Mablouke,U (1680) Reunion 2004}) 8. Nxc6 (8. d3 $11) 8... bxc6 $15 9. d4 Bd6 (9... exd3 $5 10. Qxd3 Ne7 $15) 10. Qe2 (10. c4 $15) 10... a5 $1 $19 11. Ba4 Qb6 (11... Ne7 $19 {And now ...Ba6 would win.} 12. c4 O-O) 12. b3 ({Better is} 12. c4 $15 Bb4+ 13. Nc3) 12... Nf6 (12... Ne7 $142 {Hoping for ...0-0.} 13. O-O O-O) 13. h3 (13. O-O $17 {keeps fighting.}) 13... Ba6 14. Qe3 O-O {[%emt 0:00:21] Threatens to win with ...c5.} 15. Ba3 {[%emt 0:01:17] Prevents c5.} Bxa3 16. Nxa3 Rac8 17. Rb1 Bb5 (17... Bd3 $19 18. Rc1 Qd8) 18. Bxb5 (18. c4 $142 Ba6 19. O-O) 18... cxb5 $17 19. c4 (19. b4 $17) 19... dxc4 $19 20. bxc4 b4 21. c5 Qe6 22. Nb5 Nd5 ({Black should try} 22... Qxa2 $19 23. O-O Qe6) 23. Qb3 $17 Rb8 $1 {[%emt 0:00:53] Black is more active.} 24. Nd6 {[%emt 0:00:41] [#]} a4 $1 25. Qc4 {[%emt 0:02:17] [#]} ({But not} 25. Qxa4 Nc3 26. Qc2 Nxb1 27. Qxb1 b3 28. axb3 Rxb3 $19) 25... b3 $1 $36 {[%emt 0:01:32][%mdl 2048] Black is on the roll.} 26. a3 ({Not} 26. Qxa4 $2 Nc3 27. Qxb3 Rxb3 28. Rxb3 Nxa2 $19) (26. axb3 $17 {was worth a try.} Rb4 27. Qc2) 26... e3 (26... Nf4 $19 {White must now prevent ...Qf6.} 27. Qxe6 Nxe6) 27. O-O $15 exf2+ ({Don't play} 27... e2 28. Rfe1 $11) (27... h5 $17) 28. Rxf2 $11 Qg6 $2 (28... h6 $11) 29. Rbf1 $4 (29. Nf5 $18 Rfd8 30. Qxa4) 29... Ne3 $1 $19 30. Nxf7 Nxc4 31. Nh6+ gxh6 {[%emt 0:00:10] Weighted Error Value: White=0.89/Black=0.41} 0-1

[Event "Slovakia Open 2022"]
[Site "Bratislava"]
[Date "2022.09.30"]
[Round "1.29"]
[White "Lecky, Juraj"]
[Black "Rehacek, Oldrich"]
[Result "1-0"]
[ECO "B00"]
[WhiteElo "2070"]
[BlackElo "1366"]
[Annotator "TA"]
[PlyCount "43"]
[EventDate "2022.09.30"]
[EventCountry "SVK"]
[SourceTitle "playchess.com"]
[Source "ChessBase"]
[SourceQuality "1"]
[TimeControl "2700+10"]

1. d4 b6 2. e4 Bb7 3. Bd3 Nf6 4. Nc3 e6 5. Nf3 Bb4 6. Nd2 {[%emt 0:00:07] B00: Queen's Fianchetto Defence, Nimzowitsch Defence.} c5 7. Nb5 (7. dxc5 $14 Nc6 8. cxb6) 7... cxd4 $11 {[%emt 0:01:22] [#]} 8. c3 $146 (8. e5 $11 {keeps the balance.} Nd5 9. a3) ({Predecessor:} 8. O-O a6 9. e5 axb5 10. exf6 Qxf6 11. Nf3 Bxf3 12. Qxf3 Qxf3 13. gxf3 Nc6 14. Bxb5 {0-1 (83) Hammermeister,U-Meya,C Dortmund 1999}) 8... dxc3 $17 9. bxc3 Be7 (9... Bf8 $17 {Threatening ...a6.} 10. O-O a6) 10. e5 $11 Nd5 11. Ne4 $1 O-O 12. Qh5 $1 {[%emt 0:00:40][%cal Oe4f6] [#] aiming for Nf6+!} g6 13. Qh6 $40 {[%emt 0:00:54][%mdl 128] Threatens to win with h4. White is up to no good.} f5 (13... Nc6 $11 14. Ng5 Bxg5 15. Bxg5 Qb8) 14. Ng5 $1 $14 Bxg5 15. Bxg5 Qc8 {[%emt 0:02:37] [#] Strongly threatening ...a6.} 16. Rc1 (16. c4 $14 {is more appropriate.} Nb4 17. Be2 Bxg2 18. Bf6 Rxf6 19. exf6) 16... Na6 $2 (16... Nc6 $11 {and Black is okay.} 17. Nd6 Qc7) 17. Nd6 $18 Qc6 18. h4 Nc5 19. Bb5 {[%emt 0:00:42] The board is on fire. This bishop pair is nice.} Qc7 (19... Qxb5 20. Nxb5 Nd3+ 21. Ke2 Nxe5) 20. h5 Ne4 21. hxg6 Nxg5 22. Qxg5 {[%emt 0:01:23] Weighted Error Value: White=0.36/Black=0.88} (22. Rh5 $142 Qxd6 23. exd6 Rf6 24. Rxg5 Rxg6 25. Rxg6+ hxg6 26. Qxg6+ Kf8 27. Kd2) 1-0

[Event "Slovakia Open 2022"]
[Site "Bratislava"]
[Date "2022.09.30"]
[Round "1.30"]
[White "Nosal, Tobias"]
[Black "Chlpek, Daniel"]
[Result "0-1"]
[ECO "E06"]
[WhiteElo "1601"]
[BlackElo "2020"]
[Annotator "TA"]
[PlyCount "82"]
[EventDate "2022.09.30"]
[EventCountry "SVK"]
[SourceTitle "playchess.com"]
[Source "ChessBase"]
[SourceQuality "1"]
[TimeControl "2700+10"]

1. d4 Nf6 2. c4 e6 3. g3 d5 4. Bg2 Be7 5. Nf3 O-O 6. O-O a5 7. Qc2 c6 8. Nbd2 b6 {[%emt 0:00:01] E06: Closed Catalan: Early deviations.} 9. e4 Bb7 {[%emt 0:00:02] [#]} 10. cxd5 $146 ({Predecessor:} 10. Rd1 Na6 11. e5 Nd7 12. cxd5 Nb4 13. Qb1 cxd5 14. Nf1 Ba6 15. Ne3 Rc8 16. a3 {½-½ (35) Wojtaszek,R (2691)-Carlsen,M (2847) Krasnaya Polyana 2021}) 10... cxd5 {[%emt 0:00:17] The position is equal.} 11. exd5 (11. e5 $11 Nfd7 12. Nb1) 11... Nxd5 12. a3 Nc6 13. Nc4 Rc8 14. Qd2 {[%emt 0:04:03] [#]} (14. Qb3 $15) 14... Ba6 $1 $17 15. b3 a4 16. Rd1 (16. Bb2 $17 {is a better defense.}) 16... axb3 $19 17. Ne3 Na5 18. Nxd5 exd5 19. Rb1 Re8 {[%emt 0:01:45] Strongly threatening ...Rc2.} 20. Ne5 (20. Bf1 {was called for.} Rc2 21. Qf4 Bxf1 22. Rxf1) 20... Nc4 (20... Rc2 $19 {and Black stays clearly on top.} 21. Qe3 f6) 21. Qf4 f6 ({Black should play} 21... Nxe5 $17 22. dxe5 Bc4) 22. Nd3 $15 b2 {[%emt 0:05:19] Black is more active.} (22... Bxa3 $15 23. Rxb3 Bxc1 24. Nxc1 Na5) 23. Bxb2 $11 Nxb2 24. Rxb2 (24. Nxb2 $11 Bxa3 25. Qf3 Bxb2 26. Qxd5+ Qxd5 27. Bxd5+ Kf8 28. Rxb2) 24... Bxa3 $15 25. Ra2 Rc3 $36 {[%emt 0:01:42][%mdl 2048] Black is more active.} 26. Nb4 {[%emt 0:01:41][%mdl 8192] Now White is beyond hope.} (26. Bf1 $15) 26... Bc4 $19 ({Less strong is} 26... Bxb4 27. Rxa6 Rc6 28. Qf3 $14) 27. Rxa3 Rxa3 28. Nc2 Rd3 29. Rxd3 Bxd3 30. Ne3 Be4 31. Qg4 Qc8 32. Qd1 Qc3 33. h4 b5 {[%emt 0:01:19][%cal Bb6b5,Bb5b4,Bb4b3,Bb3c2][%mdl 32] Prevents Qa4.} 34. h5 h6 {[%emt 0:00:14] ...Bxg2 is the strong threat.} 35. Kh2 (35. Nxd5 Qd3 36. Qg4 Bxg2 37. Kxg2 Qe4+ 38. Qxe4 Rxe4 39. Nc3 Rxd4 40. Nxb5) 35... b4 {[%emt 0:00:03] White must now prevent ...Bxg2.} 36. Bxe4 (36. Qa4 $142 Rf8 37. Nxd5 Bxd5 38. Bxd5+ Kh8 39. Kg2) 36... Rxe4 {[%emt 0:00:20] KQR-KQN} 37. Kg2 b3 {[%emt 0:00:31] ( -> ...Rxe3)} 38. Nxd5 Qc4 39. Ne3 {[%emt 0:00:04] [#]} Rxe3 $1 {[%emt 0:00:01][%mdl 512] Black mates.} 40. fxe3 Qc2+ 41. Qxc2 bxc2 {[%emt 0:00:01] Weighted Error Value: White=0.97/Black=0.31} 0-1

[Event "Slovakia Open 2022"]
[Site "Bratislava"]
[Date "2022.09.30"]
[Round "1.31"]
[White "Zetocha, Adrian"]
[Black "Shykhnenko, Hryhorii"]
[Result "1-0"]
[ECO "A59"]
[WhiteElo "2205"]
[BlackElo "1317"]
[Annotator "TA"]
[PlyCount "51"]
[EventDate "2022.09.30"]
[EventCountry "SVK"]
[SourceTitle "playchess.com"]
[Source "ChessBase"]
[SourceQuality "1"]
[TimeControl "2700+10"]

1. d4 Nf6 2. c4 c5 3. d5 b5 4. cxb5 a6 5. bxa6 g6 6. Nc3 Bxa6 7. e4 Bxf1 8. Kxf1 d6 9. Nf3 Nbd7 {[%emt 0:00:53] A59: Benko/Volga Gambit: White castles by hand.} 10. g3 Bg7 11. Kg2 Qa5 {[%emt 0:00:47] White is better.} 12. Bd2 {[%emt 0:01:31] [#]} Ng4 $146 ({Predecessor:} 12... O-O 13. Qc2 Rfb8 14. Rhe1 Ng4 15. a4 Qb4 16. Nd1 Qb3 17. Qxb3 Rxb3 18. Bc3 Nge5 {½-½ (31) Ftacnik,L (2541)-Martinez Duany,L (2510) Porto 2016}) 13. a4 Nge5 14. Nb5 Qb6 15. Nxe5 Nxe5 16. Bc3 {[%emt 0:03:05] [#] aiming for f4.} O-O 17. b3 Nd7 18. Bxg7 Kxg7 19. Qe2 Rfc8 20. Rhb1 {[%emt 0:00:48] White is more active.} Kf8 21. b4 c4 $2 {[%emt 0:02:08] [#] Black cannot hold the game after this.} (21... Qa6 $16 22. h3 Kg8) 22. Nc3 Ne5 23. a5 Qc7 24. Nb5 Qb7 25. Nd4 Nd3 (25... Qa7 {is a better defense.}) 26. b5 {[%emt 0:00:19] Weighted Error Value: White=0.09 (flawless) /Black=0.38} 1-0

[Event "Slovakia Open 2022"]
[Site "Bratislava"]
[Date "2022.09.30"]
[Round "1.32"]
[White "Kluckova, Alzbeta"]
[Black "Panko, Radoslav"]
[Result "0-1"]
[ECO "B06"]
[WhiteElo "1097"]
[BlackElo "1996"]
[Annotator "TA"]
[PlyCount "54"]
[EventDate "2022.09.30"]
[EventCountry "SVK"]
[SourceTitle "playchess.com"]
[Source "ChessBase"]
[SourceQuality "1"]
[TimeControl "2700+10"]

1. e4 g6 2. Nf3 Bg7 3. d4 c6 4. c3 d6 5. Be2 Bg4 {[%emt 0:00:34] [#]} 6. e5 $146 {[%emt 0:00:35] B06: Modern Defence.} ({Better is} 6. Be3 $16) ({Predecessor:} 6. Be3 Nf6 7. Nfd2 Bxe2 8. Qxe2 Nbd7 9. f4 O-O 10. Na3 c5 11. O-O cxd4 12. cxd4 Qa5 {½-½ (80) Djordjevic,V (2432)-Freeman,G (2119) Novi Sad 2016}) 6... Bxf3 $15 7. Bxf3 dxe5 8. O-O (8. Qb3 $15) 8... exd4 $17 9. Qb3 Qb6 10. Bd2 (10. cxd4 $17 Bxd4 11. Na3) 10... Nd7 $19 11. Na3 Qxb3 12. axb3 Nc5 13. Bd1 Ne4 14. Nb1 Nxd2 15. Nxd2 dxc3 16. bxc3 Bxc3 17. Ra2 Bxd2 ({Don't blunder} 17... Nf6 $2 18. Bf3 $19) 18. Rxd2 Rd8 19. Rxd8+ Kxd8 {[%emt 0:00:05][%mdl 4096] Endgame KRB-KRN} 20. Bf3 Nf6 21. Rd1+ Kc7 22. Kf1 Rd8 {[%emt 0:00:04] [#] White must now prevent ...Rxd1+.} 23. Rxd8 Kxd8 {[%emt 0:00:11] Black is clearly winning.} 24. Ke2 Kd7 25. Kd3 Kd6 26. b4 b5 27. Kd4 Nd5 {[%emt 0:00:11] White got outplayed after the opening.  Weighted Error Value: White=0.66/Black=0.02 (flawless)} 0-1

[Event "Slovakia Open 2022"]
[Site "Bratislava"]
[Date "2022.09.30"]
[Round "1.33"]
[White "Rosol, Alexander"]
[Black "Matejka, Simon"]
[Result "1-0"]
[ECO "C46"]
[WhiteElo "2041"]
[BlackElo "1422"]
[Annotator "TA"]
[PlyCount "45"]
[EventDate "2022.09.30"]
[EventCountry "SVK"]
[SourceTitle "playchess.com"]
[Source "ChessBase"]
[SourceQuality "1"]
[TimeControl "2700+10"]

1. e4 e5 2. Nf3 Nc6 3. Nc3 Bc5 4. Nxe5 Nxe5 5. d4 Bd6 6. dxe5 Bxe5 7. f4 Bxc3+ 8. bxc3 Nf6 (8... d6 $1 $11) 9. Bd3 {[%emt 0:09:06] White is more active. C46: 3 Nc3: Unusual Black 3rd moves.} (9. e5 $5 Qe7 10. Be2 $14) 9... d5 $1 10. e5 {[%emt 0:03:31] [#]} Ng4 $146 (10... Bg4 $11 {and Black is okay.} 11. Qd2 (11. Be2 Bxe2 12. Qxe2 Ne4 $11) 11... Ne4) ({Predecessor:} 10... Bg4 11. Qd2 Ne4 12. Bxe4 dxe4 13. Ba3 Qxd2+ 14. Kxd2 O-O-O+ 15. Ke3 h5 16. h3 Bf5 {0-1 (38) Kuipers,S (2292)-Romanishin,O (2532) Hoogeveen 2008}) 11. Qf3 {[%emt 0:02:51] White is clearly better.} O-O 12. Ba3 Re8 13. O-O-O {[%emt 0:00:04] aiming for h3.} Bd7 (13... f5 $16 14. h3 Nh6) 14. h3 $18 ({Don't do} 14. Qxd5 $6 Bc6 15. Qc5 Qh4) 14... Nh6 15. g4 $40 {[%emt 0:01:36][%cal Bg2g4,Bg4g5][%mdl 160] White is out for blood.} ({Don't play} 15. Qxd5 Bc6 16. Qxd8 Raxd8) 15... Qh4 $2 (15... Kh8 {is a better defense.} 16. Qxd5 Bc6 17. Qxd8 Raxd8) 16. g5 ({And not} 16. Qxd5 Bc6 17. Qd4 Bxh1 18. Rxh1 Nxg4 $17) 16... Nf5 17. Qg4 Qxg4 (17... h5 $142 18. gxh6 Qxg4 19. hxg4 Ne3) 18. hxg4 Ne3 19. Bxh7+ Kh8 20. Bf5+ Kg8 21. Bxd7 Red8 22. Rd3 (22. Rd2 $142 Nf1 23. Rxf1 b6 24. Rxd5 c6 25. Bxc6 Rdc8 26. Bxa8 b5 {[#]} 27. Rfd1 $1) 22... Nc4 {[%emt 0:00:15] [#]} 23. Rdh3 $1 {[%emt 0:00:12] Weighted Error Value: White=0.15 (very precise) /Black=1.20} 1-0

[Event "Slovakia Open 2022"]
[Site "Bratislava"]
[Date "2022.09.30"]
[Round "1.34"]
[White "Ruderfer, Mark B"]
[Black "Djubek, Boris"]
[Result "0-1"]
[ECO "C34"]
[WhiteElo "2236"]
[BlackElo "1995"]
[Annotator "TA"]
[PlyCount "78"]
[EventDate "2022.09.30"]
[EventCountry "SVK"]
[SourceTitle "playchess.com"]
[Source "ChessBase"]
[SourceQuality "1"]
[TimeControl "2700+10"]

1. e4 e5 2. Nc3 Nf6 3. f4 d6 4. Nf3 exf4 5. d4 Be7 6. Bxf4 {[%emt 0:01:35] C34: King's Gambit Accepted: 3 Nf3: 3...Nf6 and 3...d6.} O-O 7. Bd3 Nc6 {[%emt 0:01:43] [#]} 8. a3 $1 {[%emt 0:02:03] White is better.} Nh5 {[%emt 0:01:56] [#]} (8... Bg4 $142) 9. Bg3 $146 (9. Be3 $16) ({Predecessor:} 9. Be3 Bg4 10. O-O Bh4 11. Qd2 Re8 12. Nxh4 Qxh4 13. Bg5 {1-0 (13) Wittal,W (2096)-De Lima,S (1801) IECC email 2018}) 9... Nxg3 10. hxg3 Bg4 11. Ne2 h5 12. Qd2 Bf6 13. d5 $2 (13. O-O-O $14 {stays ahead.}) 13... Ne5 $17 ({Stronger than} 13... Bxb2 14. Ra2 Ne5 15. Rxb2 $15) 14. Nxe5 Bxe5 {[%emt 0:00:29] A strong pair of Bishops.} 15. O-O-O g6 16. Rdf1 a6 ({Better is} 16... c5 $17 {[%cal Ob7b5] Threatens to win with ...b5!} 17. c3 a6) 17. Nf4 ({White should try} 17. c3 $1 $15) 17... Qg5 18. Be2 Bxe2 19. Qxe2 Qxg3 20. Nh3 b5 21. Kb1 a5 22. Rf3 Qg4 23. Rg1 b4 24. Nf2 Qd7 {[%emt 0:00:31] Black is more active.} 25. Nd3 (25. Ka2 $17 {might work better.}) 25... Bd4 26. Rgf1 (26. Nf2 $142) 26... bxa3 $19 {[%emt 0:00:43] Strongly threatening ...Qb5.} 27. c3 Bg7 28. e5 $2 (28. b3) 28... axb2 29. e6 fxe6 30. dxe6 {[%emt 0:00:20] [#] White threatens Rxf8+ and mate.} Qa4 $1 31. Nxb2 Qc6 $2 (31... Qg4 $19 {has better winning chances. ...Bxc3 is the strong threat.} 32. R1f2 Rxf3 33. Qxf3 Qxf3 34. Rxf3 Rf8) 32. e7 (32. Rxf8+ $17 {was the only chance.} Bxf8 33. Qc2) 32... Rxf3 33. Rxf3 a4 ({Black should play} 33... d5 $19 {Hoping for ...Re8.} 34. Re3 Re8) 34. Qe6+ $17 Kh7 35. Rg3 Qe8 {[%emt 0:00:08] And now ...Be5 would win.} 36. Rf3 $2 {[%emt 0:00:49][%mdl 8192] Now White is beyond hope.} (36. Ka2 $17) 36... a3 $19 37. Nc4 a2+ (37... Qb5+ $142 38. Kc2 a2) 38. Ka1 Qb5 39. Rf1 {[%emt 0:00:20] Inhibits Qb1+.} Bxc3+ {[%emt 0:00:12] Weighted Error Value: White=0.74/Black=0.54} 0-1

[Event "Slovakia Open 2022"]
[Site "Bratislava"]
[Date "2022.09.30"]
[Round "1.35"]
[White "Mandak, Miroslav"]
[Black "Certik Peter"]
[Result "1-0"]
[ECO "C30"]
[WhiteElo "1864"]
[BlackElo "1000"]
[Annotator "NA COMBH"]
[PlyCount "81"]
[EventDate "2022.09.30"]
[EventCountry "SVK"]
[SourceTitle "playchess.com"]
[Source "ChessBase"]
[SourceQuality "1"]
[TimeControl "2700+10"]

1. e4 e5 2. f4 Nc6 3. Nf3 d6 4. Bc4 h6 5. d3 Bg4 6. c3 Nf6 7. O-O Be7 8. b4 a6 9. a4 b5 10. axb5 axb5 11. Rxa8 Qxa8 12. Bxb5 O-O 13. Qa4 Qa7+ 14. Kh1 Bd7 15. Qxa7 Nxa7 16. Bxd7 Nxd7 17. g3 Nc6 18. Na3 Ra8 19. Bb2 f6 20. Ra1 Nb6 21. Nb5 Rxa1+ 22. Bxa1 Bd8 23. Kg2 Na4 24. Kf2 Kf7 25. Ke2 g6 26. Kd2 exf4 27. gxf4 g5 28. f5 g4 29. Nfd4 Ne5 30. Ne6 Ke7 31. Ke3 h5 32. c4 Nf3 33. Nxd8 Kxd8 34. Bxf6+ Kd7 35. h3 Ne5 36. Bxe5 dxe5 37. hxg4 hxg4 38. d4 exd4+ 39. Nxd4 Nb2 40. c5 Nc4+ 41. Kf4 1-0